 Dungeon Crawl Stone Soup version 0.27.1 (webtiles) character file.

Game seed: 6470662228322674245

1663 DoubleLucky the Summoner (level 9, -12/54 HPs)
             Began as a Tengu Summoner on Aug 29, 2021.
             Was an Initiate of Qazlal.
             Mangled by an acid dragon (14 damage)
             ... on level 8 of the Dungeon.
             The game lasted 00:59:37 (11009 turns).

DoubleLucky the Summoner (Tengu Summoner)          Turns: 11009, Time: 00:59:37

Health: -12/54     AC:  0    Str: 14    XL:     9   Next: 1%
Magic:  8/17       EV: 15    Int: 16    God:    Qazlal [......]
Gold:   374        SH:  5    Dex: 21    Spells: 8/18 levels left

rFire    + . .     SeeInvis .   f - +0 spear
rCold    . . .     Faith    .   (no shield)
rNeg     . . .     Spirit   .   k - +0 leather armour
rPois    .         Reflect  +   (helmet restricted)
rElec    .         Harm     .   C - +0 cloak
rCorr    .         Rampage  .   (no gloves)
Will     +....                  (boots unavailable)
Stlth    ++........             b - amulet of reflection
HPRegen  0.18/turn              w - ring "Otsuobali" {rF+ Will+ Str+3 Dex+6}
MPRegen  0.15/turn              (no ring)

@: corroded, flying quickly and evasively, quick
A: beak, talons 3, nimble flight
a: Renounce Religion


You were on level 8 of the Dungeon.
You worshipped Qazlal.
Qazlal was noncommittal.
You visited 2 branches of the dungeon, and saw 10 of its levels.

You collected 374 gold pieces.

Inventory:

Hand Weapons
 d - a +0 dagger
 f - a +0 spear (weapon)
 v - the +8 dagger of Responsibility {flame, Str+5 Dex+5}
   (You found it on level 5 of the Dungeon)

   It burns those it strikes, dealing additional fire damage.
   Str:       It affects your strength (+5).
   Dex:       It affects your dexterity (+5).
Missiles
 p - 24 poisoned darts (quivered)
 q - 5 boomerangs
Armour
 a - a +0 robe
 k - a +0 leather armour (worn)
 u - a +1 chain mail of willpower
 C - a +0 cloak (worn)
Magical Staves
 n - a staff of poison
Jewellery
 b - an amulet of reflection (around neck)
 o - an amulet of guardian spirit
 t - a ring of ice
 w - the ring "Otsuobali" (left hand) {rF+ Will+ Str+3 Dex+6}
   (You found it on level 9 of the Dungeon)

   [ring of dexterity]

   Str:       It affects your strength (+3).
   Dex:       It affects your dexterity (+6).
   rF:        It protects you from fire.
   Will:      It increases your willpower.
Wands
 e - a wand of polymorph (9)
 y - a wand of flame (11)
Scrolls
 c - a scroll of immolation {unknown}
 g - a scroll of noise {unknown}
 j - a scroll of holy word
 l - a scroll of magic mapping {unknown}
 r - a scroll of fog {unknown}
 s - a scroll of enchant armour {unknown}
 x - a scroll of teleportation
 A - a scroll of vulnerability {unknown}
 B - 3 scrolls of summoning {unknown}
Potions
 h - a potion of might {unknown}
 i - 2 potions of curing
 m - a potion of magic {unknown}
 z - a potion of cancellation {unknown}


   Skills:
 - Level 5.0 Fighting
 + Level 6.0 Polearms
 + Level 1.1 Armour
 - Level 2.1 Dodging
 - Level 2.0 Stealth
 - Level 5.0 Spellcasting
 - Level 8.0 Summonings
 + Level 3.5 Air Magic


You had 8 spell levels left.
You knew the following spells:

 Your Spells              Type           Power      Damage    Failure   Level
a - Summon Small Mammal   Summ           100%       N/A       1%          1
b - Call Imp              Summ           29%        N/A       1%          2
c - Call Canine Familiar  Summ           29%        N/A       1%          3
d - Summon Lightning Spi  Summ/Air       22%        N/A       17%         4

Your spell library contained the following spells:

 Spells                   Type           Power      Damage    Failure   Level
 Summon Guardian Golem    Hex/Summ       16%        N/A       11%         3
 Magic Dart               Conj           16%        1d3       19%         1
 Searing Ray              Conj           8%         3d3       28%         2
 Sublimation of Blood     Necr           2%         N/A       28%         2
 Ozocubu's Armour         Ice            4%         N/A       50%         3
 Tukima's Dance           Hex            4%         N/A       50%         3
 Fulminant Prism          Conj/Hex       2%         3d6       88%         4
 Iskenderun's Mystic Bla  Conj/Tloc      4%         2d3       88%         4
 Passage of Golubria      Tloc           N/A        N/A       88%         4
 Petrify                  Tmut/Erth      4%         N/A       88%         4
 Irradiate                Conj/Tmut      2%         3d14      99%         5
 Lee's Rapid Deconstruct  Erth           2%         3d5*      99%         5
 Metabolic Englaciation   Hex/Ice        2%         N/A       99%         5
 Yara's Violent Unravell  Hex/Tmut       2%         3d3       99%         5
 Dispersal                Tloc           2%         N/A       100%        6
 Simulacrum               Ice/Necr       2%         N/A       100%        6
 Ozocubu's Refrigeration  Ice            2%         4d5       100%        7
 Disjunction              Tloc           2%         N/A       100%        8


Dungeon Overview and Level Annotations

Branches:
Dungeon (9/15)             Temple (1/1) D:7
   Lair: D:8-11         Orc: D:9-12

Altars:
Ashenzari
Dithmenos
Elyvilon
Fedhas
Gozag
Hepliaklqana
Kikubaaqudgha
Nemelex Xobeh
Okawaru
Qazlal
Ru
Sif Muna
Trog
Uskayaw
Vehumet
Xom
Yredelemnul
Zin
The Shining One


Innate Abilities, Weirdness & Mutations

You have a beak for a mouth.
You have claws for feet.
Your magical nature lets you fly swiftly and evasively.


Message History

Your bat barely misses the acid dragon.
Your quokka bites the acid dragon.
You reach to attack!
You hit the acid dragon but do no damage.
The acid dragon is lightly wounded.
Your crimson imp seems less confused.
Your bat hits the acid dragon but does no damage.
Your quokka barely misses the acid dragon.
Your crimson imp closely misses the acid dragon.
The acid dragon spits acid at you. The splash of acid hits you!
You are splashed with acid!
Your hound bites the acid dragon but does no damage.
Your bat completely misses the acid dragon.
You hear a shout! x2
Press: ? - help, v - describe, . - travel
Here: an acid dragon (lightly wounded, catching its breath, ally target)
The floor, spattered with blood.
Reach: f) +0 spear
Press: ? - help, Dir - move target, f/p - acid dragon
Aim: an acid dragon (lightly wounded, catching its breath, ally target, about 31% to evade your +0 spear)
You reach to attack!
You hit the acid dragon.
The acid dragon is moderately wounded.
Your bat barely misses the acid dragon.
Your quokka closely misses the acid dragon.
Your crimson imp hits the acid dragon but does no damage.
Your bat hits the acid dragon but does no damage.
Your crimson imp blinks!
Your hound bites the acid dragon but does no damage.
Your quokka bites the acid dragon.
The acid dragon spits acid at you. The splash of acid hits you!
The acid corrodes you!
You are splashed with acid!
* * * LOW HITPOINT WARNING * * *
You hear a shout!
There is a stone staircase leading up here.
Your bat hits the acid dragon but does no damage.
Your hound bites the acid dragon but does no damage.
Your quokka closely misses the acid dragon.
Your crimson imp blinks!
Your hound bites the acid dragon but does no damage.
The acid dragon bites you!
You die...

...#.... ........... #
......... .. ........ ... ##
#...... ....#.##.#...
.........##.#
......)@..#.#####
.....rD......!..# ##.
...5.§h...#.#[..# #...
#......b.#####......... #...
#........# ###D.......
##..##...[....# ##..........
#........5...####...........
#............###............
####..........................


You could see an acid dragon (catching breath, ally target), a friendly hound
(summoned), 2 friendly crimson imps, a friendly quokka (summoned) and a friendly
bat (summoned).

Vanquished Creatures
  Eustachio (D:5)
  A water moccasin (D:7)
  A black bear (D:6)
  A phantom (D:4)
  A wyvern zombie (D:8)
  2 bullfrogs (D:7)
  Dowan (D:4)
  A water moccasin skeleton (D:5)
  A centaur skeleton (D:7)
  Ijyb (D:3)
  2 orc wizards
  A killer bee zombie (D:8)
  2 gnolls (D:5)
  2 adders (D:6)
  2 shadow imps
  2 worms
  2 dart slugs
  15 orcs
  6 ball pythons
  A bat (D:3)
  5 endoplasms
  4 giant cockroaches
  A goblin (D:4)
  A hobgoblin (D:4)
  2 jackals (D:5)
  12 kobolds
  A quokka (D:1)
  6 frilled lizards
  5 rats
83 creatures vanquished.

Vanquished Creatures (collateral kills)
  Grinder (D:3)
  A warg (D:8)
  Edmund (D:6)
  Duvessa (D:4)
  An orc warrior (D:4)
  2 phantoms (D:4)
  A kobold brigand (D:9)
  2 scorpions
  A water moccasin skeleton (D:4)
  A bullfrog skeleton (D:6)
  2 hounds
  A jelly (D:5)
  4 orc wizards
  Terence (D:2)
  2 gnolls (D:5)
  4 adders
  2 shadow imps
  A white imp (D:5)
  A dart slug (D:1)
  9 orcs
  3 ball pythons (D:1)
  An endoplasm (D:1)
  2 goblins
  2 hobgoblins
  A jackal (D:5)
  5 kobolds
  3 quokkas
  2 bats (D:1)
  6 frilled lizards (D:1)
64 creatures vanquished.

Vanquished Creatures (others)
  9 plants (D:1)
9 creatures vanquished.

Grand Total: 156 creatures vanquished

Notes
Turn   | Place    | Note
-------+----------+-------------------------------------------
     0 | D:1      | DoubleLucky the Tengu Summoner began the quest for the Orb.
     0 | D:1      | Reached XP level 1. HP: 10/10 MP: 4/4
   273 | D:1      | Reached skill level 5 in Summonings
   390 | D:1      | Reached XP level 2. HP: 11/15 MP: 6/6
   567 | D:1      | Learned a level 2 spell: Call Imp
   701 | D:1      | Noticed a floating eye
   704 | D:1      | Found a faded altar of an unknown god.
   705 | D:1      | Noticed a great orb of eyes
   705 | D:1      | Noticed a golden eye
   705 | D:1      | Noticed an eye of devastation
  1025 | D:1      | Reached XP level 3. HP: 19/19 MP: 7/7
  1426 | D:2      | Learned a level 3 spell: Call Canine Familiar
  2111 | D:2      | Noticed Terence
  2133 | D:2      | Killed Terence
  2134 | D:2      | Reached skill level 1 in Polearms
  2134 | D:2      | Reached XP level 4. HP: 24/24 MP: 1/9
  2966 | D:3      | Noticed Grinder
  3003 | D:3      | Killed Grinder
  3004 | D:3      | Reached skill level 1 in Fighting
  3004 | D:3      | Reached skill level 6 in Summonings
  3004 | D:3      | Gained mutation: Your magical nature lets you fly swiftly
                  | and evasively. [Tengu growth]
  3004 | D:3      | Reached XP level 5. HP: 17/29 MP: 1/11
  3184 | D:3      | Reached XP level 6. HP: 21/35 MP: 8/12
  4115 | D:3      | Noticed Ijyb
  4163 | D:3      | Killed Ijyb
  4944 | D:4      | Reached XP level 7. HP: 25/40 MP: 9/14
  5219 | D:4      | Noticed Duvessa
  5456 | D:4      | Killed Duvessa
  5476 | D:4      | Noticed Dowan
  5488 | D:4      | Killed Dowan
  5648 | D:4      | You are sucked into a shaft and drop 1 floor!
  5648 | D:5      | Entered Level 5 of the Dungeon
  6111 | D:4      | Reached skill level 7 in Summonings
  7430 | D:5      | Reached XP level 8. HP: 41/46 MP: 11/15
  7647 | D:5      | Noticed Eustachio
  7670 | D:5      | Killed Eustachio
  7791 | D:5      | Identified the +8 dagger of Responsibility {flame, Str+5
                  | Dex+5}
  8144 | D:6      | Noticed Edmund
  8216 | D:6      | Killed Edmund
  8217 | D:6      | Reached skill level 5 in Spellcasting
  8353 | D:6      | Learned a level 4 spell: Summon Lightning Spire
  8471 | D:6      | Reached skill level 5 in Polearms
  9019 | D:7      | Reached skill level 1 in Air Magic
  9053 | D:7      | Reached skill level 8 in Summonings
  9073 | D:7      | Found a staircase to the Ecumenical Temple.
  9106 | Temple   | Entered the Ecumenical Temple
  9283 | Temple   | Became a worshipper of Qazlal Stormbringer
  9358 | D:7      | Found a broken altar of Ashenzari.
  9416 | D:7      | You are sucked into a shaft and drop 2 floors!
  9437 | D:9      | Identified the ring "Otsuobali" {rF+ Will+ Str+3 Dex+6}
 10534 | D:8      | Reached skill level 5 in Fighting
 11000 | D:8      | Reached skill level 1 in Armour
 11000 | D:8      | Reached XP level 9. HP: 49/54 MP: 7/17
 11008 | D:8      | HP: 2/54 [acid (15)]
 11009 | D:8      | Mangled by an acid dragon

Illustrated notes

Levels and vault maps discovered:
D:1:      wander_arrival_peaceful_grave, layout_basic,
          hellmonk_ecumenical_altar_watching_god, minmay_lizard_king
D:2:      layout_basic, minmay_domino_4, uniq_terence
D:3:      layout_basic, uniq_grinder, uniq_ijyb
D:4:      layout_loops_ring, uniq_duvessa
D:5:      layout_loops_ring, uniq_eustachio
D:6:      layout_rooms, kennysheep_generic_room_14, uniq_edmund
D:7:      layout_basic, nicolae_overflow_crystal_walls,
          minmay_temple_entry_antechambers
D:8:      layout_cave_pools, nzn_makhleb_speed_demon, erik_lair_orcish_takeover,
          enter_bailey_6, gammafunk_ghost_necromancy
D:9:      layout_roguey, kennysheep_slug_shrine, mainiacjoe_overflow_boulevard,
          hangedman_decor_growths
Temple:   regret_index_temple_mists

Skill      XL: |  1  2  3  4  5  6  7  8  9 |
---------------+----------------------------+-----
Summonings     | 5 6 7 8 |  8.0
Polearms       | 1 2 3 4 5 6 |  6.0
Spellcasting   | 3 4 5 |  5.0
Fighting       | 1 2 3 5 |  5.0
Air Magic      | 3 |  3.5
Armour         | 1 |  1.1
Dodging        | |  2.1
Stealth        | |  2.0

Action                   |  1- 3 |  4- 6 |  7- 9 || total
-------------------------+-------+-------+-------++-------
Melee: Unarmed           |    14 |       |       ||    14
       Kick              |    17 |    24 |    36 ||    77
       Peck              |     7 |    12 |    18 ||    37
       Dagger            |    19 |       |       ||    19
       Spear             |    63 |   132 |   249 ||   444
Throw: Dart              |       |       |     1 ||     1
 Cast: Summon Small Mamm |    18 |       |     5 ||    23
       Call Imp          |    12 |     6 |    37 ||    55
       Call Canine Famil |       |    16 |    49 ||    65
  Use: Scroll            |       |     1 |     5 ||     6
       Potion            |       |       |     1 ||     1
 Stab: Sleeping          |     1 |     4 |     2 ||     7
       Distracted        |     1 |     1 |     6 ||     8
Armor: Robe              |    10 |     3 |     8 ||    21
       Leather armour    |       |       |     9 ||     9
Dodge: Dodged            |    38 |    23 |    85 ||   146
Block: Other             |    17 |    10 |    26 ||    53
